Map: Dusk Towers

Players

Polt - Winner!

  • Race: Terran Terran

Soulkey

  • Race: Zerg Zerg

Event: IEM Season 10 - Taipei

VOD

https://youtu.be/qhbyaiRYlQo

Description

Time

  • Played on: Jan. 31, 2016, 10:04 p.m.
  • Length: 13:24

All games in this series

Show
View Real Time Build Order
Export as new Build Order

Polt Terran - Winner!

Build Orders: MMM Bio 

Get SALT Encoding   

  12  0:00  SCV  
  13  0:12  SCV  
  14  0:17  Supply Depot  
  14  0:25  SCV  
  15  0:39  SCV  
  15  0:40  Barracks  
  16  0:51  SCV  
  17  1:03  SCV  
  18  1:12  Command Center  
  18  1:15  SCV  
  19  1:27  Orbital Command  
  19  1:28  Marine  
  20  1:35  Supply Depot  
  20  1:46  Refinery  
  20  1:47  Refinery  
  20  1:48  Marine  
  20  1:53  SCV  
  22  2:05  SCV  
  22  2:06  Marine  
  24  2:17  SCV  
  25  2:23  Marine  
  25  2:24  Orbital Command  
  27  2:30  SCV  
  27  2:32  Factory  
  27  2:42  SCV  
  28  2:49  Barracks Reactor  
  28  2:51  SCV  
  29  2:54  SCV  
  29  2:57  Barracks  
  30  3:03  SCV  
  31  3:06  SCV  
  32  3:15  SCV  
  32  3:18  SCV  
  32  3:19  Starport  
  34  3:27  SCV  
  34  3:28  Hellion x2  
  34  3:30  SCV  
  34  3:31  Supply Depot  
  34  3:32  Barracks Tech Lab  
  40  3:39  SCV  
  40  3:40  Supply Depot  
  41  3:42  SCV  
  41  3:43  Barracks Reactor  
  42  3:50  Hellion x2  
  42  3:51  Stimpack  
  42  3:52  Marine  
  42  3:53  SCV  
  42  3:54  SCV  
  49  4:00  Viking  
  51  4:05  SCV  
  51  4:06  SCV  
  51  4:08  Supply Depot  
  53  4:10  Marine  
  53  4:11  Hellion x2  
  58  4:17  SCV  
  58  4:18  SCV  
  58  4:21  Marine x2  
  62  4:27  Supply Depot  
  62  4:30  SCV, Marine  
  62  4:31  SCV, Supply Depot  
  65  4:41  Medivac x2  
  65  4:42  Marine  
  65  4:44  Factory Reactor  
  70  4:46  Supply Depot  
  70  4:49  SCV x2, Marine x2  
  74  4:54  Armory  
  74  5:01  SCV x2  
  74  5:03  Marine  
  74  5:07  Marine x2  
  77  5:08  Command Center  
  77  5:09  Refinery  
  77  5:10  Refinery  
  79  5:21  Engineering Bay  
  79  5:22  SCV x2, Engineering Bay  
  81  5:30  Starport Reactor  
  81  5:33  Barracks  
  81  5:36  Factory Reactor, Barracks  
  81  5:37  Barracks  
  81  5:38  SCV  
  81  5:39  SCV  
  83  5:44  Marine x3  
  83  5:48  Terran Infantry Weapons Level 1  
  86  5:50  Terran Infantry Armor Level 1  
  86  5:56  Combat Shields  
  86  6:01  Marine  
  86  6:02  Marine x2  
  89  6:14  SCV x2  
  91  6:19  Marine x3  
  91  6:22  Missile Turret  
  91  6:23  Missile Turret  
  91  6:24  Medivac x2  
  91  6:25  Widow Mine x2  
  102  6:27  Terran Vehicle Weapons Level 1  
  102  6:29  Missile Turret  
  102  6:30  SCV x2  
  104  6:36  Supply Depot  
  87  6:48  Barracks Tech Lab  
  87  6:50  Marauder, Marine x6  
  87  6:55  Medivac x2  
  87  6:56  SCV  
  87  7:01  Orbital Command  
  89  7:06  SCV, Missile Turret  
  90  7:08  SCV  
  90  7:15  Marauder x2, Marine x2  
  97  7:17  Marine x2  
  97  7:20  Marine x2  
  101  7:23  Widow Mine  
  101  7:24  Widow Mine  
  101  7:25  Concussive Shells  
  105  7:33  Marine x2  
  105  7:34  SCV x3  
  105  7:35  Marine x2  
  105  7:37  Marauder x2  
  116  7:38  Marine  
  117  7:45  Supply Depot  
  117  7:46  Supply Depot x2  
  117  7:47  Marine  
  118  7:54  Terran Infantry Weapons Level 2, Barracks  
  118  7:55  Barracks  
  118  7:56  Barracks  
  118  7:58  Marauder x2  
  122  8:03  Marine x3  
  125  8:06  Marine x3  
  125  8:08  Widow Mine x2  
  125  8:11  Medivac x2  
  133  8:13  Terran Infantry Armor Level 2  
  133  8:16  Refinery  
  133  8:19  Supply Depot  
  133  8:20  Supply Depot  
  133  8:22  Supply Depot, SCV  
  133  8:23  SCV  
  133  8:25  SCV  
  136  8:32  Marauder x2, Marine x2  
  142  8:38  Liberator x2  
  140  8:41  Marine x4  
  140  8:43  Barracks Tech Lab  
  140  8:44  Barracks Tech Lab  
  140  8:45  Barracks Reactor  
  140  8:47  Widow Mine x2  
  148  8:54  Marauder  
  148  8:55  Marauder  
  157  9:05  Marauder x2, Marine x4  
  157  9:06  Marine x2  
  167  9:12  Supply Depot x2  
  164  9:24  Command Center  
  164  9:27  Liberator x2  
  163  9:31  Marauder  
  163  9:32  Marauder x2  
  163  9:33  Marauder  
  171  9:41  Marine x4  
  171  9:42  Marine x4  
  185  9:49  Widow Mine x2  
  189  9:54  Terran Ship Weapons Level 1  
  186  10:09  Marauder x2, Marine  
  189  10:23  Terran Infantry Weapons Level 3  
  189  10:35  Marine x7  
  189  10:36  Marauder x2  
  189  10:38  Refinery  
  189  10:41  Medivac x2  
  199  10:45  Command Center  
  193  10:59  Marauder x4, Marine x5  
  175  11:11  Medivac x2, Orbital Command  
  175  11:12  Widow Mine x2  
  153  11:41  SCV x4  
  153  11:45  Missile Turret  
  153  11:47  Medivac x2  
  160  11:57  Missile Turret  
  160  12:09  SCV x4  
  162  12:20  Missile Turret  
  162  12:21  SCV x4  
  166  12:34  SCV x4  
  170  12:46  SCV x3  
  170  12:47  SCV  
  174  12:51  Orbital Command  
  164  12:58  SCV x3  
  164  12:59  SCV  
  164  13:02  Marauder x3, Marine x3  
  164  13:05  Marine x2  
Show
View Real Time Build Order
Export as new Build Order

Soulkey Zerg 

Build Orders: Hatch First 

Get SALT Encoding   

  12  0:00  Drone  
  13  0:12  Overlord  
  13  0:17  Drone  
  14  0:30  Drone x2  
  14  0:34  Drone  
  17  0:53  Hatchery  
  17  0:55  Drone  
  17  0:57  Drone  
  18  1:09  Extractor  
  17  1:12  Spawning Pool  
  17  1:15  Drone  
  17  1:18  Drone  
  18  1:27  Drone  
  19  1:38  Overlord  
  19  1:59  Zergling x2, Queen  
  19  2:00  Zergling x2  
  23  2:04  Queen  
  23  2:05  Drone  
  26  2:10  Metabolic Boost  
  26  2:14  Drone  
  27  2:16  Drone  
  28  2:26  Drone  
  28  2:27  Drone  
  30  2:34  Queen  
  32  2:38  Overlord  
  32  2:40  Queen  
  34  2:46  Drone x2  
  36  2:57  Drone  
  36  2:58  Drone  
  38  2:59  Overlord  
  37  3:08  Drone x2  
  37  3:09  Drone x2  
  37  3:10  Drone  
  42  3:13  Drone x2  
  42  3:16  Lair  
  44  3:22  Drone x2  
  46  3:28  Extractor  
  46  3:29  Drone x2, Extractor x2  
  45  3:35  Drone  
  46  3:42  Drone  
  46  3:43  Spine Crawler  
  46  3:45  Drone x3  
  46  3:46  Overlord  
  49  3:55  Baneling Nest  
  49  3:58  Drone x2  
  49  4:01  Drone x2  
  51  4:03  Drone  
  52  4:16  Spire  
  51  4:19  Hatchery  
  51  4:21  Drone x2  
  52  4:25  Overlord  
  52  4:28  Zergling x6  
  55  4:35  Drone x2  
  55  4:37  Overlord  
  57  4:41  Overlord  
  57  4:47  Overlord  
  57  4:51  Drone  
  58  5:03  Overlord  
  58  5:10  Drone x2  
  60  5:20  Evolution Chamber  
  59  5:22  Evolution Chamber  
  59  5:23  Drone x2, Roach Warren  
  59  5:29  Mutalisk x5  
  59  5:34  Drone x4  
  73  5:36  Overseer  
  73  5:39  Drone  
  73  5:40  Drone  
  73  5:41  Drone  
  76  5:47  Overlord  
  76  5:51  Zergling x2  
  76  5:52  Zergling x2  
  78  5:57  Zergling x2  
  78  5:58  Zergling x6  
  80  6:04  Zergling x4  
  80  6:05  Overlord x3  
  75  6:15  Roach, Baneling x3  
  75  6:16  Roach x3, Baneling  
  75  6:17  Glial Reconstitution, Baneling  
  73  6:19  Baneling  
  73  6:20  Baneling x4  
  73  6:22  Zergling x2  
  73  6:25  Roach  
  76  6:28  Baneling  
  76  6:29  Baneling x3  
  76  6:31  Roach  
  76  6:46  Roach x5  
  74  7:01  Zerg Missile Weapons Level 1  
  74  7:03  Zerg Ground Armor Level 1  
  74  7:06  Drone, Extractor  
  74  7:07  Extractor  
  73  7:09  Hatchery  
  72  7:20  Queen  
  74  7:24  Roach x4  
  74  7:26  Overlord  
  74  7:29  Overlord  
  81  7:42  Overseer  
  81  7:43  Roach x2  
  85  7:48  Ravager  
  86  7:55  Roach x3  
  92  7:59  Drone  
  92  8:00  Drone, Roach  
  96  8:09  Drone x4  
  100  8:17  Ravager x2  
  100  8:19  Roach x2  
  106  8:22  Queen  
  106  8:23  Roach  
  106  8:25  Roach x3  
  106  8:26  Drone x2  
  118  8:32  Overlord  
  118  8:40  Drone x3  
  118  8:41  Drone  
  122  8:53  Tunneling Claws  
  122  8:55  Burrow  
  122  8:57  Roach x4  
  122  8:58  Overlord x3  
  130  9:03  Zerg Missile Weapons Level 2  
  130  9:16  Zerg Ground Armor Level 2  
  130  9:21  Roach x4  
  130  9:23  Ravager  
  139  9:35  Ravager x2  
  139  9:36  Roach x2  
  139  9:37  Roach  
  147  9:40  Hatchery, Roach  
  147  9:42  Overlord  
  148  9:49  Roach  
  150  9:58  Roach x4  
  150  9:59  Roach x3  
  146  10:00  Roach  
  146  10:01  Overlord x4  
  140  10:10  Overlord  
  140  10:12  Drone  
  137  10:15  Infestation Pit  
  137  10:17  Roach  
  137  10:20  Ravager x2  
  137  10:21  Ravager  
  141  10:22  Roach x3  
  141  10:23  Roach x2  
  141  10:24  Roach x2  
  141  10:26  Roach  
  157  10:30  Roach x2  
  157  10:35  Roach  
  163  10:37  Roach  
  163  10:42  Roach x5  
  164  10:44  Roach x9  
  164  10:47  Roach x4  
  160  10:50  Roach x2  
  160  10:51  Roach x2  
  130  11:04  Roach  
  130  11:06  Roach x7  
  135  11:17  Roach x9  
  106  11:34  Roach Warren  
  99  11:43  Drone  
  100  11:52  Roach x2  
  100  11:53  Roach x2  
  96  11:55  Hatchery  
  96  11:57  Drone  
  92  12:07  Roach x21  
  92  12:17  Roach x2  
  92  12:18  Roach x5  
  92  12:19  Roach  
  108  12:30  Ravager  
  108  12:31  Ravager x3  
  108  12:34  Ravager  
  108  12:35  Ravager x3  
  108  12:36  Overlord  
  116  13:03  Roach x2  

Tags
 
Add a new tag
Caveats
  • Supply blocks, unpowered buildings, or Contaminate may cause inaccurate times.
  • Supply counts are checked every 10 seconds.